Unix NetHack Version 5.0.0-0 post-release - last build May 23 2026 06:08:33 (1c0ff79ee797540d5714e4e18072db0edd9e58ae,branch:main).

Game began 2026-05-27 18:47:50, ended 2026-05-28 19:26:29.

Koku, neutral female gnomish Wizard

                                     -----
           -----------           ####..`.|     -----
           |.........-############   |`@`| ####.....####   -----      --------
           |.........|             ##.```|     |_...#######....|      |...(..|
           |.........|             # |```.#    |...|   # ##....|     #-<.^...|
           |.........|           ### -----#    ---.-    # #-...-##   #|......|
           |......{..|           #        #       #       #--.-- #####--------
           ------.----         ##`        #       #       #   *  #   #
         #########             #          #      ##       #      #   #
        ###                 ####          #      #       ##      #   ##
       -.-.--------       ###             #    ###       ###     #    ##
       |..........-########             ### ####        ##       #     #
       |.....{....|                     #---.-----------##       # `## ##
       |..........|                     #|..............#        #--..- #
       -+----------                     #|.........>...|#        #|.... #
                                        #-.............+         #|....|#
                                         ---------------         #.....|#
                                                                  |.....#
                                                                    ----

Koku the Conjurer         St:13 Dx:15 Co:15 In:16 Wi:9 Ch:10  Neutral
Dlvl:5  $:418 HP:42(43) Pw:50(50) AC:5  Xp:5 T:3565  Hungry   Burdened

Latest messages:
 Tulip misses it.
 Tulip misses it.
 Tulip misses it.
 Step into that vapor cloud? [yn] (n) y
 Tulip misses it.
 You hear some noises.
 Step into that vapor cloud? [yn] (n) y
 Tulip bites it.
 Tulip misses it.
 Tulip misses it.
 Tulip misses it.
 You stop.  Tulip is in the way!
 Tulip bites it.
 Tulip bites the shrieker.
 Tulip bites the shrieker.
 You miss the shrieker.
 Tulip bites the shrieker.
 The shrieker is killed!
 You see here 2 yellow gems.
 You learn more about your items by comparing them.
 You have a little trouble lifting L - 2 uncursed yellow gems (3 in total).
 You swap places with Tulip.
 You see here a scroll of enchant armor.
 You have a little trouble lifting Y - a scroll of enchant armor.
 You swap places with Tulip.
 You see some gas clouds dissipate.
 The door opens.
 You hit the water nymph.
 The water nymph wakes up!
 The water nymph screams!
 The water nymph stole a blessed hexagonal amulet.
 The water nymph vanishes!
 The water nymph appears close by!
 You try to move the boulder, but in vain.
 You try to move the boulder, but in vain.
 You are beginning to feel hungry.
 What do you want to read? [i-mrUXY or ?*] X
 As you read the scroll, it disappears.
 The ceiling rumbles above you!
 Tulip is hit by a boulder!
 You are hit by a boulder!
 Fortunately, you are wearing a hard helmet.
 With great effort you move the boulder.
 You try to move the boulder, but in vain.
 Really quit without saving? [yn] (n) y
 Do you want your possessions identified? [ynq] (y) y
 Do you want to see your attributes? [ynq] (y) y
 Do you want an account of creatures vanquished? [ynaq] (y) y
 Do you want to see your conduct and achievements? [ynq] (y) y
 Do you want to see the dungeon overview? [ynq] (y) y

Inventory:
 Coins    ('$')
  $ - 418 gold pieces
 Weapons  (')')
  t - a +0 elven dagger (weapon in right hand)
  a - a blessed +1 quarterstaff
 Armor    ('[')
  J - a blessed +1 orcish helm (being worn)
  v - a blessed +1 pair of high boots (being worn)
  s - an uncursed +0 pair of kicking boots
  b - a blessed +1 cloak of magic resistance
  W - an uncursed rotted +0 mummy wrapping (being worn)
 Scrolls  ('?')
  i - an uncursed scroll of confuse monster
  k - 2 uncursed scrolls of destroy armor
  Y - an uncursed scroll of enchant armor
  j - an uncursed scroll of genocide
 Spellbooks  ('+')
  U - an uncursed spellbook of detect food
  l - a blessed spellbook of force bolt
  m - an uncursed spellbook of magic missile
  r - an uncursed spellbook of restore ability
 Potions  ('!')
  N - an uncursed potion of acid
  f - an uncursed potion of blindness
  z - an uncursed potion of gain energy
  y - 2 uncursed potions of healing
  C - a cursed potion of healing
  h - 2 uncursed potions of restore ability
  M - an uncursed potion of sickness
  g - a potion of holy water
 Rings    ('=')
  d - an uncursed ring of regeneration
  e - an uncursed ring of teleport control (on right hand)
 Wands    ('/')
  I - a wand of light (0:14)
  c - a wand of make invisible (0:7)
 Tools    ('(')
  R - a cursed can of grease (0:20)
  w - an uncursed lock pick
  V - an uncursed lock pick
  n - a magic marker (0:21)
  q - an uncursed tin whistle
  O - a tinning kit (0:43)
 Gems/Stones  ('*')
  A - an uncursed black opal
  S - an uncursed jet stone
  G - 3 uncursed worthless pieces of green glass
  T - an uncursed worthless piece of orange glass
  B - an uncursed worthless piece of white glass
  L - 3 uncursed worthless pieces of yellow glass
  o - an uncursed worthless piece of yellowish brown glass
  F - an uncursed rock

Koku the Wizard's attributes:

Background:
 You were a Conjurer, a level 5 female gnomish Wizard.
 You were neutral, on a mission for Thoth
 who was opposed by Ptah (lawful) and Anhur (chaotic).
 You were right-handed.
 You were in the Dungeons of Doom, on level 5.
 You entered the dungeon 3565 turns ago.
 You had 191 experience points, 129 more were needed to attain level 6.

Basics:
 You had 42 out of 43 hit points.
 You had all 50 energy points (spell power).
 Your armor class was 5.
 Your wallet contained 418 zorkmids.
 Autopickup was off.

Final Characteristics:
 Your strength was 13 (limit:18/50).
 Your dexterity was 15 (limit:18).
 Your constitution was 15 (limit:18).
 Your intelligence was 16 (limit:19).
 Your wisdom was 9 (limit:18).
 Your charisma was 10 (limit:18).

Final Status:
 You were hungry.
 You were burdened; movement was slightly slowed.
 You were wielding a dagger.
 You were unskilled in dagger.

Final Attributes:
 You were piously aligned.
 You were poison resistant.
 You were telepathic.
 You had infravision.
 You were visible.
 You had teleport control.
 You were warded.
 You survived.

Miscellaneous:
 You didn't encounter any bones levels.
 Total elapsed playing time was 21 minutes and 41 seconds.

Major events:
 Turn
    1: Koku the neutral female gnomish Wizard entered the dungeon
  767: entered the Gnomish Mines
 1086: attained the rank of Conjurer (level 3)
 3565: quit

Spells:
 Name                 Level Category     Fail Retention
 force bolt             1   attack         0%   81%-90%
 magic missile          2   attack         0%   81%-90%
 restore ability        4   healing      100%  76%-100%
 detect food            2   divination    78%  76%-100%
 confuse monster        1   enchantment    0%  91%-100%

Skills:
 Fighting Skills
   bare handed combat [Unskilled]
   riding             [Unskilled]
 Weapon Skills
   dagger             [Unskilled]
   knife              [Unskilled]
   axe                [Unskilled]
   short sword        [Unskilled]
   club               [Unskilled]
   mace               [Unskilled]
   quarterstaff       [Basic]
   polearms           [Unskilled]
   spear              [Unskilled]
   trident            [Unskilled]
   sling              [Unskilled]
   dart               [Unskilled]
   shuriken           [Unskilled]
 Spellcasting Skills
   attack spells      [Basic]
   healing spells     [Unskilled]
   divination spells  [Unskilled]
   enchantment spells [Basic]
   clerical spells    [Unskilled]
   escape spells      [Unskilled]
   matter spells      [Unskilled]

Voluntary challenges:
 Character rerolling was not enabled.
 You never genocided any monsters.
 You never polymorphed an object.
 You never changed form.
 You used no wishes.
Achievements:
 You entered a shop.
 You entered the Gnomish Mines.
 You attained the rank of Conjurer.

 The Dungeons of Doom: levels 1 to 5
    Level 1: "why are there so many corpses?"
       Some altars, some fountains.
    Level 2:
       A general store.
       Stairs down to The Gnomish Mines.
    Level 3:
       A scroll shop, a fountain.
    Level 4:
    Level 5: <- You were here.
       An altar, a fountain, a sink.
 The Gnomish Mines:
    Level 3:


Vanquished creatures:
  a leprechaun
  a rock mole
  a fog cloud
  4 shriekers
  a kobold mummy
  a little dog
  a floating eye
  a kitten
  2 dwarves
  a homunculus
  a rothe
 an orc zombie
  a dwarf zombie
  a werejackal
 an acid blob
  a coyote
  a gas spore
  a hobbit
  a large kobold
  4 giant rats
  a yellow mold
  a green mold
  2 gnomes
  a gnome zombie
  3 geckos
  2 jackals
  3 foxes
  a kobold
  3 goblins
  2 sewer rats
  7 grid bugs
  6 lichens
  a kobold zombie
  2 newts
62 creatures vanquished.

No species were genocided or became extinct.

Goodbye Koku the Wizard...

You quit in The Dungeons of Doom on dungeon level 5 with 1432 points,
and 418 pieces of gold, after 3565 moves.
You were level 5 with a maximum of 43 hit points when you quit.

